 Dungeon Crawl Stone Soup version 0.26-a0-651-gb41185065b (webtiles) character file.

Game seed: 17548375060796420405

93 Ozzies the Skirmisher (level 4, -12/32 HPs)
             Began as a Gargoyle Fighter on Oct 7, 2020.
             Blown up by Ijyb (18 damage)
             ... with a disintegration bolt
             ... on level 3 of the Dungeon.
             The game lasted 00:01:54 (1660 turns).

Ozzies the Skirmisher (Gargoyle Fighter)            Turns: 1660, Time: 00:01:54

Health: -12/32     AC: 13    Str: 21    XL:     4   Next: 62%
Magic:  4/4        EV:  7    Int:  8    God:
Gold:   74         SH:  9    Dex:  9    Spells: 3/3 levels left

rFire    . . .     SeeInvis .   a - +0 flail
rCold    . . .     Faith    .   c - +0 kite shield
rNeg     + . .     Spirit   .   b - +0 scale mail
rPois    ∞         Reflect  .   (no helmet)
rElec    +         Harm     .   (no cloak)
rCorr    .         Rampage  .   (no gloves)
MR       .....                  n - +2 pair of boots
Stlth    ..........             (no amulet)
HPRegen  0.10/turn              (no ring)
MPRegen  0.09/turn              (no ring)

@: no status effects
A: negative energy resistance 1, electricity resistance, unbreathing,
petrification resistance, rot immunity, AC +3
a: no special abilities


You were on level 3 of the Dungeon.
You visited 1 branch of the dungeon, and saw 3 of its levels.

You collected 74 gold pieces.

Inventory:

Hand Weapons
 a - a +0 flail (weapon)
Missiles
 e - 12 sling bullets
 j - 136 stones (quivered)
Armour
 b - a +0 scale mail (worn)
 c - a +0 kite shield (worn)
 n - a +2 pair of boots (worn)
Scrolls
 h - a scroll of fear {unknown}
 i - 2 scrolls of teleportation {unknown}
 l - a scroll of blinking {unknown}
 m - 2 scrolls of identify {unknown}
 p - 2 scrolls of magic mapping {unknown}
Potions
 d - a potion of might {@q3 !q}
 f - a potion of brilliance {unknown}
 g - a potion of cancellation {unknown}
 k - a potion of mutation {unknown}
 o - a potion of degeneration {unknown}


   Skills:
 + Level 5.8 Fighting
 - Level 2.0 Maces & Flails
 - Level 3.2 Armour
 - Level 3.2 Shields


You had 3 spell levels left.
You didn't know any spells.
Your spell library contained the following spells:

 Spells                   Type           Power        Failure   Level
 Beastly Appendage        Tmut           #.....       99%         1
 Wereblood                Tmut           #.......     100%        2
 Spider Form              Tmut/Pois      #.........   100%        3
 Ice Form                 Ice/Tmut       #.......     100%        4
 Blade Hands              Tmut           #.........   100%        5


Dungeon Overview and Level Annotations

Branches:
Dungeon (3/15)

Altars:

Annotations:
D:3 Ijyb


Innate Abilities, Weirdness & Mutations

You are resistant to torment.
Your stone body is resilient. (AC +3)
You are immune to poison.
You resist negative energy. (rN+)
You are resistant to electric shocks. (rElec)
You can survive without breathing.
You are immune to petrification.
You are immune to rotting.


Message History

No target in view!
No target in view!
No target in view!
No target in view!
No target in view!
No target in view!
No target in view!
No target in view!
No target in view!
p - a scroll labeled CUOKLE GIP
p - 2 scrolls labeled CUOKLE GIP (gained 1)
A rat and an orc come into view.
The orc shouts!
There are monsters nearby!
There are monsters nearby!
There are monsters nearby!
Found a stone staircase leading down.
A kobold comes into view. It is wielding a +0 club.
The kobold shouts!
You hear a shout!
You block the orc's attack.
You barely miss the orc. You block the orc's attack.
You barely miss the orc. You block the orc's attack.
You block the rat's attack. The orc barely misses you.
You hit the orc.
The orc is severely wounded.
The rat bites you but does no damage.
A rat comes into view.
The orc hits you but does no damage. The rat bites you but does no damage.
You barely miss the orc.
The orc is severely wounded.
The orc barely misses you. The kobold hits you with a +0 club.
The rat bites you but does no damage.
You hit the orc.
You kill the orc!
The kobold hits you but does no damage. The rat bites you but does no damage.
Ijyb the Twisted Goblin comes into view.
She is wielding a +0 dagger and carrying a wand of disintegration (10).
You block the rat's attack.
Ijyb shouts!
The kobold completely misses you. You block the rat's attack.
You barely miss the rat. You block the rat's attack.
You sock the rat!
You kill the rat!
You miss the kobold. The kobold closely misses you.
You miss the kobold. The kobold hits you but does no damage.
You block the kobold's attack.
Your shield prevents you from hitting the kobold.
A quokka comes into view.
You block the kobold's attack.
You closely miss the kobold. The kobold hits you but does no damage.
You hit the kobold.
The kobold is severely wounded.
You block the kobold's attack. Ijyb screams, "I dance on your bones!"
You hit the kobold.
You kill the kobold!
You hit the rat but do no damage. You block the quokka's attack.
The rat bites you but does no damage.
The quokka bites you but does no damage.
You block the rat's attack.
You closely miss the rat.
The quokka bites you but does no damage.
Ijyb grins evilly.
The rat bites you but does no damage.
The quokka bites you but does no damage.
You closely miss the rat.
The quokka bites you but does no damage.
The rat bites you but does no damage.
You hit the rat.
The rat is moderately wounded.
The quokka barely misses you. You block the rat's attack.
The quokka bites you but does no damage.
You block the rat's attack.
You hit the rat.
You kill the rat!
The quokka bites you but does no damage.
Ijyb screams, "You nasty!
Big nasty!"
The quokka bites you but does no damage.
You hit Ijyb but do no damage.
The quokka bites you but does no damage.
Ijyb barely misses you.
You hit Ijyb but do no damage. The quokka completely misses you.
Ijyb hits you but does no damage. The quokka barely misses you.
Ijyb barely misses you.
You closely miss Ijyb.
The quokka bites you but does no damage.
Ijyb closely misses you.
The quokka bites you but does no damage.
You hit Ijyb.
Ijyb is lightly wounded.
You block the quokka's attack. Ijyb hits you but does no damage.
You barely miss Ijyb.
Ijyb is lightly wounded.
You block the quokka's attack.
Ijyb zaps a wand.
You are blasted!
Ouch! That really hurt!
* * * LOW HITPOINT WARNING * * *
You block the quokka's attack. Ijyb screams, "I cut your head off!"
Ijyb zaps a wand.
You are blasted!
Ouch! That really hurt!
You die...

... .#....>.# #..
.g....... ...
.......#
...#......# .
#.#...... ..
...#..#.##.# ...#
........##r##.....
#...[.g@..#.....
#.....##......#
#.....#.........
#####.#........#
#####.............
..........#......
####............#
#####....##....##
#........##..#.#


You could see Ijyb and a quokka.

Vanquished Creatures
  3 adders (D:2)
  2 worms (D:2)
  3 dart slugs
  2 leopard geckos
  An orc (D:3)
  5 giant cockroaches
  9 goblins
  2 hobgoblins (D:1)
  4 jackals (D:1)
  5 kobolds
  3 bats
  4 frilled lizards
  8 rats
51 creatures vanquished.

Notes
Turn   | Place    | Note
-------+----------+-------------------------------------------
     0 | D:1      | Ozzies the Gargoyle Fighter began the quest for the Orb.
     0 | D:1      | Reached XP level 1. HP: 14/14 MP: 1/1
    81 | D:1      | Reached XP level 2. HP: 20/20 MP: 2/2
   154 | D:1      | Reached skill level 4 in Fighting
   627 | D:1      | Reached XP level 3. HP: 22/24 MP: 3/3
   937 | D:2      | Reached skill level 5 in Fighting
  1030 | D:2      | Reached XP level 4. HP: 26/31 MP: 4/4
  1366 | D:2      | Found a faded altar of an unknown god.
  1640 | D:3      | Noticed Ijyb
  1660 | D:3      | Blown up by Ijyb

Illustrated notes

Levels and vault maps discovered:
D:1:      shiori_arrival_oz, layout_basic
D:2:      layout_loops_cross, chequers_ecumenical_altar_grove
D:3:      layout_rooms, hex_medium, grunt_gozag_statues, uniq_ijyb

Skill      XL: |  1  2  3 |
---------------+----------+-----
Fighting       | 4 5 |  5.8
Maces & Flails | |  2.0
Armour         | |  3.2
Shields        | |  3.2

Action                   |  1- 3 |  4- 6 || total
-------------------------+-------+-------++-------
Melee: Flail             |   132 |    66 ||   198
Armor: Scale mail        |    66 |    49 ||   115
Dodge: Dodged            |    38 |    22 ||    60
Block: Kite shield       |    56 |    37 ||    93

Table legend: (Time is in decaauts)
 A = Elapsed time spent in this place.
 B = Non-inter-level travel time spent in this place.
 C = Inter-level travel time spent in this place.
 D = Time resting spent in this place.
 E = Time spent auto-exploring this place.
 F = Levels seen in this place.
 G = Mean time per level.
                   A        B        C        D        E       F      G
               +--------+--------+--------+--------+--------+-----+--------+
         Total |   1734 |   1708 |     26 |      0 |   1293 |   3 |  578.0 |
       Dungeon |   1734 |   1708 |     26 |      0 |   1293 |   3 |  578.0 |
               +--------+--------+--------+--------+--------+-----+--------+

Top non-repeatable levels by time:
     D:1: 912 daAuts
     D:2: 741 daAuts
     D:3: 80 daAuts
